 Dungeon Crawl Stone Soup version 0.26-a0-660-gc07710193c (webtiles) character file.

Game seed: 13297392578979828236

338 DogServant the Vexing (level 6, 4/47 HPs)
             Began as a Gnoll Arcane Marksman on Oct 6, 2020.
             Quit the game on level 4 of the Dungeon.
             The game lasted 00:07:27 (4266 turns).

DogServant the Vexing (Gnoll Arcane Marksman)       Turns: 4266, Time: 00:07:28

Health: 4/47       AC:  2    Str: 12    XL:     6   Next: 55%
Magic:  8/11       EV: 15    Int: 15    God:
Gold:   155        SH:  0    Dex: 18    Spells: 5/11 levels left

rFire    . . .     SeeInvis .   j - +0 hand axe
rCold    . . .     Faith    .   (no shield)
rNeg     . . .     Spirit   +   e - +0 robe
rPois    .         Reflect  .   (no helmet)
rElec    .         Harm     .   (no cloak)
rCorr    .         Rampage  .   (no gloves)
MR       .....                  (no boots)
Stlth    +++.......             h - amulet of guardian spirit
HPRegen  0.15/turn              b - ring of stealth
MPRegen  0.12/turn              (no ring)

@: lethally poisoned (4 -> -11)
A: distributed training, fangs 1, strong nose
a: no special abilities


You were on level 4 of the Dungeon.
You visited 1 branch of the dungeon, and saw 4 of its levels.

You collected 155 gold pieces.

Inventory:

Hand Weapons
 a - a +0 shortbow
 j - a +0 hand axe (weapon)
Missiles
 d - 18 arrows
Armour
 e - a +0 robe (worn)
Jewellery
 b - a ring of stealth (left hand)
 h - an amulet of guardian spirit (around neck)
Scrolls
 c - 4 scrolls of fear
 g - a scroll of immolation
Potions
 f - a potion of might
 i - a potion of brilliance


   Skills:
 + Level 3.3 Fighting
 + Level 2.0 Short Blades
 + Level 2.0 Long Blades
 + Level 2.0 Axes
 + Level 2.0 Maces & Flails
 + Level 2.0 Polearms
 + Level 2.0 Staves
 + Level 2.0 Slings
 + Level 5.0 Bows
 + Level 2.0 Crossbows
 + Level 2.0 Throwing
 + Level 2.0 Armour
 + Level 5.0 Dodging
 + Level 2.0 Stealth
 + Level 2.0 Shields
 + Level 2.0 Unarmed Combat
 + Level 3.4 Spellcasting
 + Level 1.6 Conjurations
 + Level 5.7 Hexes
 + Level 1.6 Summonings
 + Level 1.6 Necromancy
 + Level 1.6 Translocations
 + Level 1.6 Transmutations
 + Level 1.6 Fire Magic
 + Level 1.6 Ice Magic
 + Level 1.6 Air Magic
 + Level 1.6 Earth Magic
 + Level 1.6 Poison Magic
 + Level 2.2 Invocations
 + Level 2.0 Evocations


You had 5 spell levels left.
You knew the following spells:

 Your Spells              Type           Power        Failure   Level
a - Corona                Hex            ###....      1%          1
b - Slow                  Hex            ###.....     2%          2
c - Portal Projectile     Hex/Tloc       ##....       13%         3

Your spell library contained the following spells:

 Spells                   Type           Power        Failure   Level
 Inner Flame              Hex/Fire       ##......     13%         3
 Cause Fear               Hex            ###.......   19%         4
 Leda's Liquefaction      Hex/Erth       ##........   38%         4


Dungeon Overview and Level Annotations

Branches:
Dungeon (4/15)
 Temple: D:4-7

Altars:
Nemelex Xobeh


Innate Abilities, Weirdness & Mutations

Your experience applies equally to all skills.
You have very sharp teeth.
Your uncanny sense of smell can sniff out nearby items.


Message History

You are poisoned.
The worker ant poisons you! The worker ant closely misses you.
You hit the worker ant.
The worker ant is moderately wounded.
You feel sick. The worker ant misses you.
You slash the worker ant!
The worker ant is severely wounded.
You feel sick. The worker ant bites you.
* * * LOW HITPOINT WARNING * * *
The worker ant bites you!
* * * LOW HITPOINT WARNING * * *
You are lethally poisoned!
The worker ant poisons you!
It was a potion of magic.
Magic courses through your body.
* * * LOW HITPOINT WARNING * * *
You feel sick. The worker ant bites you.
* * * LOW HITPOINT WARNING * * *
You are more poisoned.
The worker ant poisons you!
Are you sure you want to abandon this character and quit the game? (Confirm with "yes".)

∆ ....... ......(
[...... .......
....... .......
####?.....(
#####@B.(((..(<
..........###....#.#
....#......## ##.## ..
#.......## #..#
##........### #..###
#...........###....#
∆.......#............#
.......###..........##
......# ##..........#


You could see a worker ant.

Vanquished Creatures
  An ogre (D:2)
  A howler monkey (D:4)
  2 worker ants (D:4)
  A hound skeleton (D:4)
  6 adders
  2 oozes (D:2)
  A worm (D:2)
  A dart slug (D:1)
  3 leopard geckos
  4 orcs (D:3)
  2 ball pythons
  2 giant cockroaches (D:1)
  8 goblins
  13 hobgoblins
  7 jackals
  2 quokkas (D:2)
  9 bats
  2 frilled lizards
  6 kobolds
  5 rats
78 creatures vanquished.

Notes
Turn   | Place    | Note
-------+----------+-------------------------------------------
     0 | D:1      | DogServant the Gnoll Arcane Marksman began the quest for
                  | the Orb.
     0 | D:1      | Reached XP level 1. HP: 17/17 MP: 4/4
   105 | D:1      | Reached XP level 2. HP: 16/23 MP: 5/5
   431 | D:1      | HP: 1/23 [hobgoblin/+0 club (1)]
   766 | D:1      | Reached XP level 3. HP: 28/28 MP: 7/7
  1443 | D:1      | Reached skill level 1 in Invocations
  1744 | D:2      | Noticed an ogre
  2028 | D:2      | Reached skill level 1 in Short Blades
  2028 | D:2      | Reached skill level 1 in Long Blades
  2028 | D:2      | Reached skill level 1 in Axes
  2028 | D:2      | Reached skill level 1 in Maces & Flails
  2028 | D:2      | Reached skill level 1 in Polearms
  2028 | D:2      | Reached skill level 1 in Staves
  2028 | D:2      | Reached skill level 1 in Slings
  2028 | D:2      | Reached skill level 1 in Crossbows
  2028 | D:2      | Reached skill level 1 in Throwing
  2028 | D:2      | Reached skill level 1 in Armour
  2028 | D:2      | Reached skill level 1 in Stealth
  2028 | D:2      | Reached skill level 1 in Shields
  2028 | D:2      | Reached skill level 1 in Unarmed Combat
  2028 | D:2      | Reached skill level 1 in Evocations
  2185 | D:2      | Reached XP level 4. HP: 34/34 MP: 8/8
  2234 | D:2      | Killed an ogre
  2234 | D:2      | Reached skill level 1 in Conjurations
  2234 | D:2      | Reached skill level 1 in Summonings
  2234 | D:2      | Reached skill level 1 in Necromancy
  2234 | D:2      | Reached skill level 1 in Translocations
  2234 | D:2      | Reached skill level 1 in Transmutations
  2234 | D:2      | Reached skill level 1 in Fire Magic
  2234 | D:2      | Reached skill level 1 in Ice Magic
  2234 | D:2      | Reached skill level 1 in Air Magic
  2234 | D:2      | Reached skill level 1 in Earth Magic
  2234 | D:2      | Reached skill level 1 in Poison Magic
  2234 | D:2      | Reached XP level 5. HP: 33/40 MP: 6/9
  2238 | D:2      | Learned a level 2 spell: Slow
  3324 | D:3      | Found a sparkling altar of Nemelex Xobeh.
  3715 | D:4      | Reached XP level 6. HP: 47/47 MP: 8/11
  3768 | D:4      | Reached skill level 5 in Bows
  3768 | D:4      | Reached skill level 5 in Dodging
  3824 | D:4      | Learned a level 3 spell: Portal Projectile
  4266 | D:4      | Quit the game

Illustrated notes

Levels and vault maps discovered:
D:1:      tarquinn_simple_flora_water_c, layout_basic
D:2:      layout_rooms, feat_on_display
D:3:      layout_loops_ring, old_standard_altar, minmay_misc_feat_tower
D:4:      layout_cave_pods, portal_sewer_entry_a, serial_shops, shop, uniq_pikel

Skill      XL: |  1  2  3  4  5  6 |
---------------+-------------------+-----
Invocations    | 1 2 |  2.2
Short Blades   | 1 2 |  2.0
Long Blades    | 1 2 |  2.0
Axes           | 1 2 |  2.0
Maces & Flails | 1 2 |  2.0
Polearms       | 1 2 |  2.0
Staves         | 1 2 |  2.0
Slings         | 1 2 |  2.0
Crossbows      | 1 2 |  2.0
Throwing       | 1 2 |  2.0
Armour         | 1 2 |  2.0
Stealth        | 1 2 |  2.0
Shields        | 1 2 |  2.0
Unarmed Combat | 1 2 |  2.0
Evocations     | 1 2 |  2.0
Spellcasting   | 3 |  3.4
Conjurations   | 1 |  1.6
Summonings     | 1 |  1.6
Necromancy     | 1 |  1.6
Translocations | 1 |  1.6
Transmutations | 1 |  1.6
Fire Magic     | 1 |  1.6
Ice Magic      | 1 |  1.6
Air Magic      | 1 |  1.6
Earth Magic    | 1 |  1.6
Poison Magic   | 1 |  1.6
Fighting       | 3 |  3.3
Bows           | 5 |  5.0
Dodging        | 5 |  5.0
Hexes          | |  5.7

Action                   |  1- 3 |  4- 6 || total
-------------------------+-------+-------++-------
Melee: Club              |   161 |    49 ||   210
       Bite              |    21 |    13 ||    34
       Hand axe          |       |   118 ||   118
 Fire: Shortbow          |    26 |    45 ||    71
 Cast: Corona            |     4 |    15 ||    19
       Portal Projectile |       |     1 ||     1
  Use: Scroll            |     1 |     4 ||     5
       Potion            |     1 |     1 ||     2
 Stab: Sleeping          |     3 |     2 ||     5
Armor: Robe              |    37 |    23 ||    60
Dodge: Dodged            |   171 |   189 ||   360

Table legend: (Time is in decaauts)
 A = Elapsed time spent in this place.
 B = Non-inter-level travel time spent in this place.
 C = Inter-level travel time spent in this place.
 D = Time resting spent in this place.
 E = Time spent auto-exploring this place.
 F = Levels seen in this place.
 G = Mean time per level.
                   A        B        C        D        E       F      G
               +--------+--------+--------+--------+--------+-----+--------+
         Total |   4359 |   4242 |    117 |    849 |   2538 |   4 | 1089.8 |
       Dungeon |   4359 |   4242 |    117 |    849 |   2538 |   4 | 1089.8 |
               +--------+--------+--------+--------+--------+-----+--------+

Top non-repeatable levels by time:
     D:1: 1840 daAuts
     D:2: 969 daAuts
     D:3: 965 daAuts
     D:4: 584 daAuts
